 Dungeon Crawl Stone Soup version 0.19.5 (webtiles) character file.

3668 tidbits the Fiendish (level 9, -5/64 HPs)
             Began as a High Elf Assassin on Dec 12, 2017.
             Was a Priest of Makhleb.
             Slain by a hornet (10 damage)
             ... while paralysed by a hornet
             ... on level 9 of the Dungeon.
             The game lasted 00:36:06 (3740 turns).

tidbits the Fiendish (High Elf Assassin)            Turns: 3740, Time: 00:36:07

Health: -5/64      AC:  4    Str: 13    XL:     9   Next: 89%
Magic:  16/16      EV:  2    Int: 15    God:    Makhleb [***...]
Gold:   289        SH:  0    Dex: 18    Spells: 1 memorised, 13 levels left

rFire  + . .     SeeInvis .     g - +0 blowgun
rCold  . . .     Gourm    .     B - +0 robe
rNeg   . . .     Faith    .     (no shield)
rPois  .         Spirit   .     E - +0 helmet
rElec  .         Reflect  .     C - +0 cloak
rCorr  .         Harm     .     (no gloves)
MR     .....                    (no boots)
Stlth  ++++......               i - amulet of regeneration
                                L - ring of stealth
                                F - ring of protection from fire

@: paralysed, lethally poisoned (-5 -> -16), slowed
A: no striking features
a: Minor Destruction, Lesser Servant of Makhleb, Renounce Religion


You were on level 9 of the Dungeon.
You worshipped Makhleb.
Makhleb was most pleased with you.
You were not hungry.

You visited 1 branch of the dungeon, and saw 9 of its levels.
You also visited: Sewer.

You collected 289 gold pieces.

Inventory:

Hand Weapons
 a - a +2 dagger of electrocution
   (You took it off an orc wizard on level 7 of the Dungeon)
 d - a +2 dagger of chaos
   (You took it off a crimson imp on level 5 of the Dungeon)
 g - a +0 blowgun (weapon)
 K - a +0 great sword of protection
   (You took it off an orc on level 7 of the Dungeon)
 Q - a +1 hand axe of chopping
   (You found it on level 5 of the Dungeon)
 U - a +0 shortbow
   (You took it off a centaur on level 5 of the Dungeon)
 Z - a +2 short sword of freezing
   (You took it off a kobold on level 7 of the Dungeon)
Missiles
 e - 57 poisoned needles (quivered)
 l - 2 javelins
 o - 93 arrows
 x - 13 tomahawks
Armour
 y - a +0 shield
   (You found it on level 3 of the Dungeon)
 B - a +0 robe (worn)
 C - a +0 cloak (worn)
 E - a +0 helmet (worn)
   (You found it on level 5 of the Dungeon)
 T - a cursed -1 plate armour
   (You found it in a sewer)
Magical Staves
 A - an uncursed staff of conjuration {unknown}
   (You found it on level 6 of the Dungeon)
Jewellery
 i - an amulet of regeneration (around neck)
   (You found it on level 1 of the Dungeon)
 F - a ring of protection from fire (left hand)
   (You found it on level 4 of the Dungeon)
 I - an uncursed ring of wizardry
   (You found it on level 5 of the Dungeon)
 L - a ring of stealth (right hand)
   (You found it on level 6 of the Dungeon)
Wands
 b - a wand of iceblast (4/15)
   (You found it on level 4 of the Dungeon)
 k - a wand of random effects (10/48)
   (You took it off Sigmund on level 3 of the Dungeon)
 M - a wand of acid (0/15)
   (You found it on level 6 of the Dungeon)
 N - a wand of random effects (21/48)
   (You found it on level 7 of the Dungeon)
 S - a wand of slowing (23/48)
   (You found it on level 8 of the Dungeon)
 V - a wand of digging (5/24)
   (You found it on level 9 of the Dungeon)
Scrolls
 h - 3 scrolls of enchant weapon {unknown}
 j - 2 scrolls of immolation {unknown}
 n - 2 scrolls of fog {unknown}
 r - 2 scrolls of remove curse
 t - a scroll of teleportation
 w - 2 scrolls of magic mapping {unknown}
 D - a scroll of amnesia
 H - 2 scrolls of random uselessness {unknown}
 O - a scroll of recharging
 P - a scroll of blinking
Potions
 m - a potion of cure mutation {unknown}
 q - 2 potions of invisibility
 s - 2 potions of agility
 u - a potion of ambrosia {unknown}
 v - a potion of mutation {unknown}
 z - a potion of resistance
 G - a potion of degeneration {unknown}
 J - a potion of heal wounds {unknown}
 W - 2 potions of curing {unknown}
 X - a potion of haste
 Y - a potion of might
Books
 R - a book of Frost
   (You found it on level 5 of the Dungeon)

   Spells                             Type                      Level
   a - Freeze                         Ice                          1
   b - Throw Frost                    Conjuration/Ice              2
   c - Ozocubu's Armour               Charms/Ice                   3
   d - Throw Icicle                   Conjuration/Ice              4
   e - Summon Ice Beast               Ice/Summoning                4
Comestibles
 c - 5 bread rations
 p - 3 meat rations


   Skills:
 + Level 7.1 Fighting
 - Level 2.4 Short Blades
 - Level 0.2(1.4) Long Blades
 - Level 2.0 Throwing
 + Level 7.6 Dodging
 - Level 4.3 Stealth
 - Level 4.2 Spellcasting
 - Level 4.8 Charms
 - Level 3.9 Ice Magic
 - Level 8.0 Invocations


You had 13 spell levels left.
You knew the following spells:

 Your Spells              Type           Power        Failure   Level  Hunger
o - Ozocubu's Armour      Chrm/Ice       ###.....     12%         3    ###....


Dungeon Overview and Level Annotations

Branches:
Dungeon (9/15)             Temple (0/1) D:6
   Lair: D:8-11         Orc: D:9-12

Altars:
Makhleb
Ru
Trog
Xom

Shops:
D:5 [   D:6 [


Message History

The bullfrog misses you.
You hit the bullfrog.
There is a sudden explosion of sparks!
You kill the bullfrog!
Makhleb accepts your kill.
Found an escape hatch in the ceiling.
There is an escape hatch in the ceiling here.
Unknown command.
There is a stone staircase leading down here.
You climb downwards.
There is a stone staircase leading up here.
The helpless centaur skeleton fails to defend itself.
You impale the centaur skeleton!!
The centaur skeleton is almost destroyed.
The centaur skeleton hits you.
You hit the centaur skeleton.
There is a sudden explosion of sparks!
You destroy the centaur skeleton!
Makhleb accepts your kill.
Found 2 potions of agility.
You see here 2 potions of agility.
You can't carry that many items.
Found a runed iron wand.
You see here 2 potions of agility.
Drop what? 52/52 slots (_ for help) (? for menu, Esc to quit)
You drop a scythe.
You drop a +2 dagger of protection.
s - 2 potions of agility You see here a runed iron wand.
V - a wand of digging
Okay, then.
Found a stone staircase leading up.
Found 14 gold pieces.
You see here 14 gold pieces.
You now have enough gold to buy a shiny ring mail on D:5.
You can access your shopping list by pressing '$'.
You now have 289 gold pieces (gained 14).
Found a stone staircase leading up.
There is a stone staircase leading up here.
You climb upwards.
There is a stone staircase leading down here.
You climb downwards.
There is a stone staircase leading up here.
A crocodile comes into view.
The helpless crocodile fails to defend itself.
You impale the crocodile!!
The crocodile is almost dead.
The crocodile bites you!
You hit the crocodile.
You kill the crocodile!
Makhleb accepts your kill.
You feel better.
Your Invocations skill increases to level 8!
A hornet comes into view.
The helpless hornet fails to defend itself.
You impale the hornet!!
The hornet is severely wounded.
The hornet stings you.
You are poisoned.
You feel yourself slow down. The hornet misses you.
Evoke which item? (* to show all) (? for menu, Esc to quit)
Okay, then.
Wield which item (- for none, * to show all)? (? for menu, Esc to quit)
Your +2 dagger of electrocution stops crackling.
g - a +0 blowgun (weapon)
You feel sick. The hornet barely misses you.
Fire/throw which item? (* to show all) (? for menu, Esc to quit)
Press: ? - help, Shift-Dir - straight line, f - hornet
Aim: a hornet (severely wounded)
You shoot a curare-tipped needle.
The curare-tipped needle barely misses the hornet.
You feel sick. The hornet closely misses you. The hornet stings you!
You are more poisoned.
You feel as though you will be slow longer.
Fire/throw which item? (* to show all) (? for menu, Esc to quit)
Press: ? - help, Shift-Dir - straight line, f/p - hornet
Aim: a hornet (severely wounded)
You shoot a curare-tipped needle.
The curare-tipped needle closely misses the hornet.
You feel very sick. The hornet closely misses you. The hornet stings you!
* * * LOW HITPOINT WARNING * * *
You feel as though you will be slow longer.
Fire/throw which item? (* to show all) (? for menu, Esc to quit)
Press: ? - help, Shift-Dir - straight line, f/p - hornet
Aim: a hornet (severely wounded)
You shoot a curare-tipped needle.
The curare-tipped needle closely misses the hornet.
You feel sick. The hornet barely misses you. x2
Okay, then.
Unknown command.
A demon appears!
You can no longer hurl Makhleb's greater destruction.
You feel sick. The hornet stings you!
* * * LOW HITPOINT WARNING * * *
You are more poisoned.
You suddenly lose the ability to move!
The hornet stings you!
* * * LOW HITPOINT WARNING * * *
You feel as though you will be slow longer.
* * * LOW HITPOINT WARNING * * *
You feel sick. The hornet barely misses you. The hornet stings you!
You die...

###
######.###########
#......#..@y4.....
#.####.#.########.
.######.##<#.#.#
.......<...#.#.#
##########.#.#.#
...........#...#
##########.#######
....#.####.#......
..................


You could see a hornet and a friendly orange demon.

Vanquished Creatures
  The ghost of Xiguana the Slasher, a novice HEGl (D:6)
  A hippogriff (D:7)
  Sigmund (D:3)
  A hungry ghost (D:7)
  A sky beast (D:8)
  3 black bears
  3 ogres
  An orc warrior (D:7)
  4 phantoms
  A centaur (D:5)
  2 big kobolds (D:7)
  A crocodile (D:9)
  6 bullfrogs
  A scorpion (D:4)
  A crimson imp (D:5)
  A quasit (D:8)
  A hound (D:6)
  3 jellies
  2 orc priests
  9 orc wizards
  2 centaur skeletons
  An iguana (D:8)
  3 worker ants
  2 hound skeletons
  A howler monkey zombie (D:5)
  4 gnolls
  8 adders
  A river rat (D:5)
  2 shadow imps
  An adder skeleton (D:7)
  2 worms
  A dart slug (D:1)
  9 leopard geckos
  23 orcs
  8 bats
  10 giant cockroaches
  6 goblins
  5 hobgoblins
  5 jackals
  3 quokkas
  10 ball pythons
  11 frilled lizards
  27 kobolds
  A quokka skeleton (D:4)
  9 rats
199 creatures vanquished.

Vanquished Creatures (collateral kills)
  Menkaure (D:7)
  An eye of draining (D:7)
  A sky beast (D:8)
  An adder (D:7)
  3 gnolls (D:8)
7 creatures vanquished.

Vanquished Creatures (others)
  5 plants (D:7)
5 creatures vanquished.

Grand Total: 211 creatures vanquished

Notes
Turn   | Place    | Note
-------+----------+-------------------------------------------
     0 | D:1      | tidbits the High Elf Assassin began the quest for the Orb.
     0 | D:1      | Reached XP level 1. HP: 14/14 MP: 2/2
    79 | D:1      | Reached XP level 2. HP: 19/20 MP: 3/3
    89 | D:1      | Reached skill level 2 in Dodging
   168 | D:2      | Reached XP level 3. HP: 25/25 MP: 4/4
   256 | D:1      | Reached skill level 3 in Fighting
   439 | D:2      | Reached skill level 3 in Dodging
   513 | D:3      | Reached XP level 4. HP: 31/31 MP: 5/5
   548 | D:3      | Noticed Sigmund
   560 | D:3      | Killed Sigmund
   560 | D:3      | Reached skill level 4 in Fighting
   560 | D:3      | Reached skill level 4 in Dodging
   560 | D:3      | Reached XP level 5. HP: 25/38 MP: 6/6
   737 | D:3      | Reached XP level 6. HP: 39/44 MP: 7/7
   773 | D:3      | Found a sacrificial altar of Ru.
   987 | D:4      | Reached skill level 5 in Fighting
   987 | D:4      | Reached skill level 5 in Dodging
  1162 | D:4      | Reached XP level 7. HP: 36/51 MP: 8/8
  1295 | D:5      | Entered Level 5 of the Dungeon
  1314 | D:5      | Found a shimmering altar of Xom.
  1315 | D:5      | Found a burning altar of Makhleb.
  1317 | D:5      | Reached skill level 6 in Dodging
  1323 | D:5      | Became a worshipper of Makhleb the Destroyer
  1382 | D:5      | You fall through a shaft!
  1426 | D:6      | Reached skill level 6 in Fighting
  1530 | D:6      | Noticed Xiguana's ghost (novice HEGl)
  1692 | D:5      | Reached * piety under Makhleb
  1692 | D:5      | Reached skill level 7 in Dodging
  1881 | D:5      | Found Jarebluc's Antique Armour Shoppe.
  1890 | D:5      | Found a glowing drain.
  1900 | D:5      | Reached XP level 8. HP: 58/58 MP: 9/9
  1935 | Sewer    | Entered a sewer
  2052 | Sewer    | Reached ** piety under Makhleb
  2105 | Sewer    | Reached skill level 7 in Fighting
  2213 | Sewer    | Learned a level 3 spell: Ozocubu's Armour
  2277 | D:5      | Reached skill level 1 in Spellcasting
  2277 | D:5      | Reached skill level 1 in Charms
  2277 | D:5      | Reached skill level 1 in Ice Magic
  2422 | D:6      | Reached skill level 2 in Spellcasting
  2422 | D:6      | Reached skill level 2 in Charms
  2422 | D:6      | Reached skill level 2 in Ice Magic
  2512 | D:6      | Found a staircase to the Ecumenical Temple.
  2613 | D:6      | Reached skill level 3 in Charms
  2626 | D:6      | Killed Xiguana's ghost
  2626 | D:6      | Reached skill level 3 in Invocations
  2688 | D:7      | Noticed a hippogriff
  2691 | D:7      | Killed a hippogriff
  2691 | D:7      | Reached skill level 4 in Invocations
  2691 | D:7      | Reached XP level 9. HP: 28/64 MP: 7/13
  2732 | D:6      | Found Beaf Doc's Antique Armour Shop.
  2972 | D:7      | Reached skill level 3 in Spellcasting
  2979 | D:7      | Reached *** piety under Makhleb
  3010 | D:7      | Reached skill level 3 in Ice Magic
  3024 | D:7      | Reached skill level 4 in Charms
  3133 | D:7      | Reached skill level 4 in Spellcasting
  3292 | D:7      | Noticed Menkaure
  3301 | D:7      | Killed Menkaure
  3301 | D:7      | Reached skill level 5 in Invocations
  3402 | D:8      | Found a bloodstained altar of Trog.
  3419 | D:8      | Reached skill level 6 in Invocations
  3428 | D:8      | Reached **** piety under Makhleb
  3503 | D:8      | Reached skill level 7 in Invocations
  3723 | D:9      | Reached skill level 8 in Invocations
  3739 | D:9      | Paralysed by a hornet for 2 turns
  3739 | D:9      | HP: 6/64 [hornet (8)]
  3740 | D:9      | Slain by a hornet

Skill      XL: |  1  2  3  4  5  6  7  8  9 |
---------------+----------------------------+-----
Dodging        | 2 3 4 5 7 |  7.6
Fighting       | 3 4 5 6 7 |  7.1
Spellcasting   | 2 4 |  4.2
Charms         | 3 4 |  4.8
Ice Magic      | 2 3 |  3.9
Invocations    | 4 8 |  8.0
Short Blades   | |  2.4
Long Blades    | |  0.2
Throwing       | |  2.0
Stealth        | |  4.3

Action                   |  1- 3 |  4- 6 |  7- 9 || total
-------------------------+-------+-------+-------++-------
Melee: Dagger            |    51 |   102 |   551 ||   704
       Unarmed           |       |       |     1 ||     1
       Short sword       |       |       |    48 ||    48
 Fire: Blowgun           |     7 |    30 |    21 ||    58
Throw: Tomahawk          |       |       |    34 ||    34
 Cast: Ozocubu's Armour  |       |       |    10 ||    10
Invok: Lesser Servant of |       |       |     3 ||     3
Evoke: Wand              |       |       |    15 ||    15
  Use: Scroll            |       |     5 |     9 ||    14
       Potion            |       |       |     5 ||     5
 Stab: Sleeping          |     9 |     5 |    19 ||    33
       Distracted        |       |       |     4 ||     4
       Paralysed         |       |       |     2 ||     2
  Eat: Chunk             |       |     1 |     9 ||    10
       Royal jelly       |       |       |     2 ||     2
       Beef jerky        |       |       |     1 ||     1
Armor: Robe              |     9 |    10 |   170 ||   189
       Skin              |       |       |     1 ||     1
Dodge: Dodged            |    34 |    53 |   568 ||   655

Table legend:
 A = Turns spent in this place as a percentage of turns spent in the entire game.
 B = Non-inter-level travel turns spent in this place as a percentage of non-inter-level travel turns spent in the entire game.
 C = Inter-level travel turns spent in this place as a percentage of turns spent in this place.
 D = Turns resting spent in this place as a percentage of non-inter-level travel turns spent in this place.
 E = Turns spent auto-exploring this place as a percentage of non-inter-level travel turns spent in this place.
 F = Non-inter-level travel turns spent in this place divided by the number of levels of this place that you've seen.
                   A       B       C       D       E      F
               +-------+-------+-------+-------+-------+----------------------
         Total | 100.0 | 100.0 |   0.1 |   0.0 |   0.0 | 353.4
       Dungeon |  92.3 |  92.2 |   0.1 |   0.0 |   0.0 | 362.2
         Sewer |   7.7 |   7.8 |   0.0 |   0.0 |   0.0 | 274.0
               +-------+-------+-------+-------+-------+----------------------

Table legend:
 A = Kills in this place as a percentage of kills in entire the game.
 B = Kills by you in this place as a percentage of kills by you in the entire game.
 C = Kills by friends in this place as a percentage of kills by friends in the entire game.
 D = Other kills in this place as a percentage of other kills in the entire game.
 E = Experience gained in this place as a percentage of experience gained in the entire game.
 F = Experience gained in this place divided by the number of levels of this place that you have seen.
                   A       B       C       D       E      F
               +-------+-------+-------+-------+-------+----------------------
         Total | 100.0 | 100.0 | 100.0 |  -nan | 100.0 | 524.0
       Dungeon |  90.3 |  89.9 | 100.0 |  -nan |  95.7 | 557.0
         Sewer |   9.7 |  10.1 |   0.0 |  -nan |   4.3 | 227.0
               +-------+-------+-------+-------+-------+----------------------

Vault maps used:
D:1:      ncdulo_smallfort
D:2:      first_bread, minmay_tree_intersection, uniq_iyjb
D:3:      hangedman_ru_absence, uniq_sigmund
D:5:      grunt_temple_overflow_champion_of_chaos, portal_sewer_entry_b,
          serial_shops, shop_fountains, serial_bayou_lagoon_a,
          corexii_leaking_fountain
D:6:      minmay_temple_entry_butterflies, serial_shops, shop
D:7:      kennysheep_kobold_camp, lightli_minifort, uniq_menkaure
D:8:      trog_ov_bears_minmay
D:9:      minmay_lair_entry_lava
Sewer:    sewer_frog_island_01
